 Dungeon Crawl Stone Soup version 0.29-a0-341-g24ffce5b50 (webtiles) character file.

Game seed: 8343318322628975895

72 Antichthon the Chopper (level 4, 0/39 HPs)
             Began as a Naga Warper on Apr 20, 2022.
             Slain by an iron imp (5 damage)
             ... on level 3 of the Dungeon.
             The game lasted 00:03:32 (3856 turns).

Antichthon the Chopper (Naga Warper)                Turns: 3856, Time: 00:03:33

Health: 0/39       AC:  3    Str: 12 (13) XL:     4   Next: 25%
Magic:  7/7        EV:  9    Int: 11 (14) God:
Gold:   151        SH:  0    Dex:  9 (12) Spells: 2/7 levels left

rFire   . . .      SeeInvis +   a - +0 hand axe
rCold   . . .      Faith    .   (no shield)
rNeg    . . .      Spirit   .   b - +0 leather armour
rPois   +          Reflect  .   j - +0 helmet
rElec   .          Harm     .   (no cloak)
rCorr   .          Rampage  .   (no gloves)
Will    .....                   (no barding)
Stlth   +.........              (no amulet)
HPRegen 0.13/turn               (no ring)
MPRegen 0.10/turn               (no ring)

@: attractive, very slow
A: AC +1, large, see invisible, deformed body, poison resistance, slowness 2,
spit poison 1, naga tail 1
a: Spit Poison


You were on level 3 of the Dungeon.
You visited 1 branch of the dungeon, and saw 3 of its levels.

You collected 151 gold pieces.

Inventory:

Hand Weapons
 a - a +0 hand axe (weapon)
Missiles
 d - 7 boomerangs of dispersal (quivered)
Armour
 b - a +0 leather armour (worn)
 j - a +0 helmet (worn)
Wands
 o - a wand of acid (5)
Scrolls
 c - 2 scrolls of blinking
 e - 2 scrolls of summoning {unknown}
 f - 2 scrolls of identify {unknown}
 g - a scroll of fog {unknown}
 l - a scroll of silence {unknown}
 p - a scroll of teleportation {unknown}
Potions
 m - a potion of might {unknown}
 n - a potion of lignification {unknown}
 q - a potion of mutation {unknown}


   Skills:
 - Level 2.0 Fighting
 + Level 4.4 Axes
 - Level 0.8 Throwing
 - Level 0.7 Armour
 - Level 1.5 Dodging
 - Level 2.0 Spellcasting
 - Level 3.0 Translocations


You had 2 spell levels left.
You knew the following spells:

 Your Spells              Type           Power      Damage    Failure   Level
a - Blink                 Tloc           14%        N/A       16%         2
b - Teleport Other        Tloc           7%         N/A       32%         3

Your spell library contained the following spells:

 Spells                   Type           Power      Damage    Failure   Level
 Sandblast                Erth           2%         2d4       36%         1
 Passwall                 Tmut/Erth      0%         N/A       50%         2
 Gell's Gravitas          Tloc           7%         N/A       32%         3
 Lesser Beckoning         Tloc           7%         N/A       32%         3
 Stone Arrow              Conj/Erth      2%         3d7       73%         3
 Manifold Assault         Tloc           7%         N/A       96%         5


Dungeon Overview and Level Annotations

Branches:
Dungeon (3/15)

Altars:
Makhleb

Shops:
D:2 (   D:3 [


Innate Abilities, Weirdness & Mutations

Your serpentine skin is tough. (AC +1)
You have supernaturally acute eyesight. (SInv)
Armour fits poorly on your strangely shaped body.
Your system is resistant to poisons. (rPois)
You cover ground very slowly.
You can spit poison.
You have a snake-like lower body.


Message History

The iron imp hits you!
You hit the iron imp but do no damage.
The iron imp is heavily wounded.
The iron imp hits you!
You hit the iron imp.
The iron imp is heavily wounded.
The iron imp hits you!
You hit the iron imp.
The iron imp is severely wounded.
The iron imp hits you.
Aiming: Spit Poison (1% risk of failure)
Press: ? - help, Shift-Dir - straight line, f/p - iron imp
Aim: an iron imp (lightly wounded, 70% to hit)
The splash of poison hits the iron imp.
The iron imp is moderately wounded.
Unknown command.
You hit the iron imp but do no damage.
The iron imp is severely wounded.
The iron imp hits you.
You hit the iron imp.
The iron imp is almost dead.
The iron imp closely misses you.
You closely miss the iron imp. Your punch misses the iron imp.
The iron imp is severely wounded.
You have got your breath back.
The iron imp hits you but does no damage.
You hit the iron imp but do no damage.
The iron imp is severely wounded.
The iron imp hits you!
* * * LOW HITPOINT WARNING * * *
Unknown command.
It was a potion of curing.
You feel better. The iron imp hits you.
* * * LOW HITPOINT WARNING * * *
It was a potion of attraction.
You feel attractive to monsters.
It was a potion of degeneration.
There was something very wrong with that liquid.
You feel weakened.
You feel dopey.
You feel clumsy. The iron imp hits you.
You die...

....≈≈.....##
#.....≈≈......#
#.._...8≈.....#
#.....≈≈......#
#.....≈≈......#
#....§≈.......#
#$≈≈≈≈........######
#.≈≈≈...............
#55@..........######
###############


You could see 2 iron imps.

Vanquished Creatures
  Robin (D:2)
  An adder (D:3)
  An orc (D:3)
  6 bats
  5 endoplasms
  2 giant cockroaches
  8 goblins
  6 hobgoblins
  2 kobolds
  4 quokkas
  4 ball pythons
  A frilled lizard (D:1)
  2 rats
43 creatures vanquished.

Notes
Turn   | Place    | Note
-------+----------+-------------------------------------------
     0 | D:1      | Antichthon the Naga Warper began the quest for the Orb.
     0 | D:1      | Reached XP level 1. HP: 19/19 MP: 3/3
   389 | D:1      | Reached XP level 2. HP: 11/26 MP: 5/5
   720 | D:1      | Reached skill level 3 in Axes
  1550 | D:1      | Reached XP level 3. HP: 32/32 MP: 6/6
  1553 | D:1      | Learned a level 2 spell: Blink
  1557 | D:1      | Learned a level 3 spell: Teleport Other
  1840 | D:2      | Noticed Robin
  1889 | D:2      | Killed Robin
  2141 | D:2      | Reached skill level 4 in Axes
  2327 | D:2      | Found Zashroba's Weapon Boutique.
  3014 | D:3      | Reached XP level 4. HP: 31/39 MP: 7/7
  3510 | D:3      | Found a faded altar of an unknown god.
  3555 | D:3      | Found Tisuig's Armour Emporium.
  3826 | D:3      | Found a burning altar of Makhleb.
  3856 | D:3      | Slain by an iron imp

Illustrated notes

Levels and vault maps discovered:
D:1:      lightli_arrival_isolated_outpost, layout_basic, hex_large
D:2:      layout_basic, serial_shops, nicolae_shop_bloodbath_and_beyond,
          minmay_misc_feat_five, uniq_robin
D:3:      layout_basic, demons_altar, shapermc_ecumenical_altar_ellora,
          serial_shops, nicolae_shop_hallway_stairs

Skill      XL: |  1  2  3 |
---------------+----------+-----
Axes           | 3 4 |  4.4
Fighting       | |  2.0
Throwing       | |  0.8
Armour         | |  0.7
Dodging        | |  1.5
Spellcasting   | |  2.0
Translocations | |  3.0

Action                   |  1- 3 |  4- 6 || total
-------------------------+-------+-------++-------
Melee: Hand axe          |   103 |    53 ||   156
       Punch             |     1 |       ||     1
 Abil: Spit Poison       |     8 |     4 ||    12
  Use: Potion            |       |     3 ||     3
Armor: Leather armour    |    28 |    16 ||    44
Dodge: Dodged            |    56 |    24 ||    80

Table legend: (Time is in decaauts)
 A = Elapsed time spent in this place.
 B = Non-inter-level travel time spent in this place.
 C = Inter-level travel time spent in this place.
 D = Time resting spent in this place.
 E = Time spent auto-exploring this place.
 F = Levels seen in this place.
 G = Mean time per level.
                   A        B        C        D        E       F      G
               +--------+--------+--------+--------+--------+-----+--------+
         Total |   4701 |   4569 |    132 |     92 |   3921 |   3 | 1567.0 |
       Dungeon |   4701 |   4569 |    132 |     92 |   3921 |   3 | 1567.0 |
               +--------+--------+--------+--------+--------+-----+--------+

Top non-repeatable levels by time:
     D:1: 2040 daAuts
     D:2: 1623 daAuts
     D:3: 1037 daAuts
